AoeStats
← AxingQuestions

Fortress

509754142Analyzed
4v4 RM · 3d ago on Sep 27, 2026· 42m 21s· 8 players
Game mode
Random Map
Map size
Huge
Population
200
Speed
Normal
Resources
Standard
Victory
Conquest
Starting age
Dark Age
Ending age
Imperial Age
RankedLock teamsTeams togetherTeam positionsShared explorationLock speedFull tech treeHidden civsTurbo modeCheats
Victory
Defeat
🇺🇸 Vikings · United States
1180
+15
🇺🇸 Hindustanis · United States
1118
+18
🇩🇪 Varangians · Germany
1092
+19
🇦🇺 Franks · Australia
1077
+19
🇦🇷 Vietnamese · Argentina
1172
-18
🇦🇷 Italians · Argentina
1170
-18
🇨🇱 Turks · Chile
1159
-18
🇧🇷 Slavs · Brazil
1134
-17
Monotributista Furioso
6:53 Loom
8:38 Feudal Age
10:48 Loom
13:14 Castle Age
11:21 Double-Bit Axe
12:43 Horse Collar
18:53 Imperial Age
16:23 Fletching
16:27 Gold Mining
20:43 Chemistry
21:01 Conscription
22:07 Padded Archer Armor
23:54 Leather Archer Armor
24:04 Ballistics
26:27 Ring Archer Armor
29:30 Bodkin Arrow
34:54 Wheelbarrow
35:10 Elite Skirmisher
35:55 Imperial Skirmisher
37:49 Bracer
39:57 Scale Mail Armor
39:48 Town Watch
K
9:26 Feudal Age
8:59 Loom
13:11 Castle Age
12:24 Gold Mining
12:48 Double-Bit Axe
14:33 Bow Saw
25:05 Imperial Age
24:04 Wheelbarrow
24:02 Scale Mail Armor
23:55 Pikeman
25:19 Squires
26:41 Chain Mail Armor
26:53 Capped Ram
28:35 Forging
30:23 Halberdier
33:06 Iron Casting
33:54 Detinets
36:45 Fletching
38:28 Masonry
38:41 Bodkin Arrow
40:53 Heavy Scorpion
Pelado
7:23 Feudal Age
11:03 Castle Age
9:28 Double-Bit Axe
9:27 Horse Collar
12:43 Heavy Plow
12:58 Bow Saw
18:13 Fletching
20:19 Gold Mining
20:22 Stone Mining
22:03 Wheelbarrow
23:00 Stone Shaft Mining
26:30 Imperial Age
24:19 Bodkin Arrow
24:24 Padded Archer Armor
26:24 Leather Archer Armor
27:17 Bracer
27:47 Ring Archer Armor
29:44 Two-Man Saw
30:07 Chemistry
29:18 Elite Rattan Archer
30:19 Paper Money
31:35 Scale Barding Armor
31:41 Forging
32:23 Bloodlines
32:14 Husbandry
32:03 Elite Battle Elephant
34:20 Chain Barding Armor
34:35 Iron Casting
40:59 Plate Barding Armor
40:59 Iron Casting
Camilo M87
5:48 Feudal Age
7:09 Double-Bit Axe
7:05 Horse Collar
13:37 Castle Age
13:36 Gold Mining
19:25 Imperial Age
21:24 Wheelbarrow
21:55 Loom
24:33 Ballistics
40:42 Hand Cart
40:14 Town Watch
AxingQuestions
7:52 Feudal Age
8:30 Loom
11:48 Castle Age
10:18 Double-Bit Axe
10:16 Horse Collar
14:55 Bow Saw
15:15 Heavy Plow
18:40 Town Watch
19:52 Gold Mining
20:35 Fletching
22:50 Gold Shaft Mining
22:31 Fortified Wall
25:04 Imperial Age
22:40 Bodkin Arrow
22:41 Treadmill Crane
23:14 Town Patrol
22:51 Elite Skirmisher
23:33 Padded Archer Armor
24:02 Ballistics
25:32 Onager
27:24 Conscription
28:38 Masonry
29:30 Chemistry
28:37 Bracer
28:53 Leather Archer Armor
31:02 Two-Man Saw
30:48 Bogsveigar
30:17 Crossbowman
32:12 Ring Archer Armor
31:44 Arbalester
34:12 Crop Rotation
37:41 Architecture
37:07 Murder Holes
38:35 Caravan
40:49 Siege Engineers
[JB]zhenghui9900
6:52 Feudal Age
11:12 Castle Age
9:43 Double-Bit Axe
10:25 Horse Collar
12:38 Bow Saw
13:55 Wheelbarrow
13:35 Loom
18:56 Hand Cart
19:06 Gold Mining
23:02 Imperial Age
21:48 Gold Shaft Mining
21:59 Scale Mail Armor
22:09 Forging
23:45 Chain Mail Armor
24:43 Chemistry
25:15 Two-Man Saw
26:42 Husbandry
26:53 Bloodlines
26:04 Heavy Camel Rider
27:21 Iron Casting
26:51 Scale Barding Armor
29:27 Blast Furnace
29:21 Chain Barding Armor
29:40 Imperial Camel Rider
32:49 Plate Barding Armor
35:24 Light Cavalry
36:42 Conscription
36:23 Shatagni
36:40 Hussar
Nomad
7:28 Feudal Age
11:21 Castle Age
9:19 Double-Bit Axe
9:57 Horse Collar
18:17 Bow Saw
18:47 Heavy Plow
19:36 Gold Mining
19:37 Stone Mining
23:04 Wheelbarrow
24:10 Hand Cart
23:48 Stone Mining
24:28 Loom
27:24 Imperial Age
25:10 Husbandry
25:30 Bloodlines
26:01 Forging
25:56 Scale Barding Armor
26:01 Forging
25:56 Scale Barding Armor
27:28 Iron Casting
27:50 Elite Jarl
28:58 Conscription
29:10 Chain Barding Armor
31:36 Blast Furnace
31:22 Plate Barding Armor
40:41 Caravan
BrazilianBad
3:41 Loom
7:39 Feudal Age
9:52 Double-Bit Axe
13:17 Castle Age
11:16 Town Watch
11:57 Gold Mining
12:52 Forging
13:38 Wheelbarrow
16:03 Town Patrol
21:22 Fletching
21:32 Padded Archer Armor
22:12 Elite Skirmisher
26:20 Imperial Age
24:05 Elite Skirmisher
29:00 Leather Archer Armor
28:41 Bodkin Arrow
32:11 Conscription
32:15 Husbandry
33:26 Chemistry
33:55 Pikeman
34:21 Arson
34:46 Scale Mail Armor
35:39 Ballistics
36:44 Squires
38:09 Halberdier
40:20 Iron Casting
40:01 Chain Mail Armor
40:07 Cavalier
Connection lost

Rejoining the realm…

Still unreachable

The connection could not be restored.

Session expired

The server has moved on; the page needs a fresh start.